 Dungeon Crawl Stone Soup version 0.29-a0-824-gd827844252 (webtiles) character file.

Game seed: 7458899040976451841

206775 RBrandon the Warrior (level 18, -4/204 HPs)
             Began as an Ogre Monk on July 10, 2022.
             Was the Champion of Qazlal.
             Slain by a ghost moth (14 damage)
             ... on level 4 of the Spider Nest.
             The game lasted 01:41:06 (45846 turns).

RBrandon the Warrior (Ogre Monk)                   Turns: 45846, Time: 01:41:06

Health: -4/204     AC: -1    Str: 14 (20) XL:     18   Next: 73%
Magic:  1/26       EV: 15    Int: 18 (21) God:    Qazlal [******]
Gold:   1923       SH: 33    Dex: 18 (19) Spells: 4/32 levels left

rFire   . . .      SeeInvis .   a - +4 demon whip (elec)
rCold   . . .      Faith    .   p - +8 kite shield of the Valley of Death {Harm *Corrode rN+ Dex+6}
rNeg    + . .      Spirit   .   J - +2 robe {Archmagi}
rPois   +          Reflect  +   H - +2 hat
rElec   .          Harm     +   (no cloak)
rCorr   .          Rampage  .   (gloves unavailable)
Will    ++...      Archmagi + + (boots unavailable)
Stlth   +.........              n - amulet of reflection
HPRegen 0.44/turn               M - ring of the Mage {Wiz Archmagi}
MPRegen 0.20/turn               o - +6 ring of intelligence

@: corroded, invisible, repel missiles
A: large, unfitting armour, tough skin 1, low MP 1, strong-willed 1, poison
resistance, wild magic 1
}: 1/15 runes: decaying
a: Renounce Religion, Upheaval, Elemental Force, Disaster Area


You were on level 4 of the Spider Nest.
You worshipped Qazlal.
Qazlal was exalted by your worship.
You visited 5 branches of the dungeon, and saw 31 of its levels.
You also visited: Gauntlet.

You collected 3121 gold pieces.
You spent 1198 gold pieces at shops.

Inventory:

Hand Weapons
 a - a +4 demon whip of electrocution (weapon)
   (You took it off Amaemon on level 2 of the Lair of Beasts)
 b - the +5 demon whip "Spellbinder" {antimagic, Will+}
   (You found it on level 11 of the Dungeon)

   It reduces the magical energy of the wielder, and disrupts the spells and
   magical abilities of those it strikes.
   Natural abilities and divine invocations are not affected.
   It unleashes wild and unpredictable magical effects upon striking a wizard or
   a creature with magical abilities.
   Will:      It increases your willpower.
 O - the +8 morningstar of Fortitude {holy, Int+6 Dex-5}
   (You found it on level 10 of the Dungeon)

   It has been blessed by the Shining One to cause great damage to the undead
   and demons.
   Int:       It affects your intelligence (+6).
   Dex:       It affects your dexterity (-5).
Missiles
 h - 53 poisoned darts
 u - 38 large rocks
 y - 10 curare-tipped darts
 S - 3 throwing nets
 T - 7 silver javelins
Armour
 p - the +8 kite shield of the Valley of Death (worn) {Harm *Corrode rN+ Dex+6}
   (You acquired it in a Gauntlet)

   Dex:       It affects your dexterity (+6).
   rN:        It protects you from negative energy.
   *Corrode:  It may corrode you when you take damage.
   Harm:      It increases damage dealt and taken.
 H - a +2 hat (worn)
 J - a +2 robe of the Archmagi (worn)
   (You took it off Erica on level 9 of the Dungeon)
Jewellery
 c - a ring of resist corrosion
 e - a +4 ring of slaying
 j - a ring of willpower
 n - an amulet of reflection (around neck)
 o - a +6 ring of intelligence (right hand)
 x - a +4 ring of evasion
 M - the ring of the Mage (left hand) {Wiz Archmagi}
   (You bought it in a shop on level 1 of the Dungeon)

   [ring of wizardry]

   It improves your spell success rate.
   Archmagi:  It increases the power of your magical spells.
 P - a +6 ring of dexterity
 Q - a ring of protection from cold
Wands
 A - a wand of polymorph (12)
 B - a wand of roots (15)
 L - a wand of mindburst (21)
 V - a wand of digging (1)
 W - a wand of acid (15)
 X - a wand of paralysis (9)
Scrolls
 d - 4 scrolls of fear
 f - 7 scrolls of teleportation
 i - 6 scrolls of vulnerability
 k - 6 scrolls of enchant armour
 l - 3 scrolls of poison
 r - 4 scrolls of magic mapping
 s - 2 scrolls of fog
 R - 4 scrolls of brand weapon
 Z - a scroll of amnesia
Potions
 g - 8 potions of flight
 q - 8 potions of cancellation
 v - 5 potions of brilliance
 w - 2 potions of berserk rage
 z - a potion of invisibility
 C - 9 potions of lignification
 E - 9 potions of attraction
 F - 2 potions of might
 G - 18 potions of curing
 K - 2 potions of ambrosia
 N - 2 potions of heal wounds
 Y - a potion of haste
Miscellaneous
 m - a phantom mirror
 I - a lightning rod (4/4)
 U - a piece from Xom's chessboard (15/15)


   Skills:
 - Level 18.1 Fighting
 - Level 12.0 Maces & Flails
 - Level 10.8 Dodging
 - Level 1.4 Stealth
 - Level 10.1 Shields
 - Level 7.6 Spellcasting
 - Level 10.1 Conjurations
 - Level 1.4 Summonings
 + Level 8.8 Translocations
 - Level 9.0 Transmutations
 - Level 6.3 Ice Magic
 - Level 6.3 Air Magic
 - Level 5.5 Earth Magic
 - Level 11.0 Invocations
 - Level 2.8 Evocations


You had 4 spell levels left.
You knew the following spells:

 Your Spells              Type           Power      Damage    Failure   Level
a - Irradiate             Conj/Tmut      44%        3d28      6%          5
b - Apportation           Tloc           100%       N/A       1%          1
c - Petrify               Tmut/Erth      77%        N/A       6%          4
d - Stone Arrow           Conj/Erth      100%       3d13      1%          3
e - Iskenderun's Mystic   Conj/Tloc      88%        2d17      2%          4
f - Freezing Cloud        Conj/Ice/Air   39%        6-21      13%         5
g - Dispersal             Tloc           42%        N/A       36%         6

Your spell library contained the following spells:

 Spells                   Type           Power      Damage    Failure   Level
 Searing Ray              Conj           100%       2d8       1%          2
 Gell's Gravitas          Tloc           85%        N/A       1%          3
 Teleport Other           Tloc           85%        N/A       1%          3
 Ensorcelled Hibernation  Hex/Ice        100%       N/A       4%          2
 Dazzling Flash           Conj/Hex       100%       N/A       4%          3
 Mephitic Cloud           Conj/Pois/Air  67%        N/A       4%          3
 Spider Form              Tmut/Pois      61%        N/A       5%          3
 Summon Small Mammal      Summ           100%       N/A       6%          1
 Portal Projectile        Hex/Tloc       100%       N/A       6%          3
 Airstrike                Air            36%        0-12+     9%          4
 Ignite Poison            Fire/Tmut/Pois 51%        N/A       10%         3
 Necrotise                Necr           80%        1d8       11%         1
 Slow                     Hex            80%        N/A       11%         1
 Sublimation of Blood     Necr           20%        N/A       16%         2
 Call Canine Familiar     Summ           34%        N/A       17%         3
 Summon Guardian Golem    Hex/Summ       27%        N/A       21%         3
 Summon Ice Beast         Ice/Summ       57%        N/A       21%         4
 Summon Lightning Spire   Summ/Air       57%        N/A       21%         4
 Animate Armour           Summ/Erth      100%       N/A       22%         4
 Confusing Touch          Hex            20%        N/A       28%         3
 Inner Flame              Hex/Fire       20%        N/A       28%         3
 Tukima's Dance           Hex            20%        N/A       28%         3
 Vampiric Draining        Necr           20%        2d7       28%         3
 Anguish                  Hex/Necr       10%        N/A       63%         4
 Blade Hands              Tmut           43%        N/A       8%          5
 Lightning Bolt           Conj/Air       41%        1d60      11%         5
 Summon Forest            Summ/Tloc      32%        N/A       32%         5
 Silence                  Hex/Air        26%        N/A       54%         5
 Starburst                Conj/Fire      32%        6d10      83%         6
 Summon Mana Viper        Hex/Summ       27%        N/A       85%         5
 Agony                    Necr           20%        N/A       91%         5
 Summon Cactus Giant      Summ           17%        N/A       99%         6
 Enfeeble                 Hex            10%        N/A       100%        7
 Monstrous Menagerie      Summ           17%        N/A       100%        7
 Lehudib's Crystal Spear  Conj/Erth      40%        10d10     100%        8


Dungeon Overview and Level Annotations

Branches:
Dungeon (15/15)            Temple (0/1) D:4            Lair (6/6) D:8
  Swamp (4/4) Lair:2       Spider (4/4) Lair:4        Slime (0/5) Lair:6
    Orc (2/2) D:9             Elf (0/3) Orc:2        Vaults (0/5) D:13
 Depths (0/4) D:15        Gauntlet (visited)

Altars:
Dithmenos
Elyvilon
Kikubaaqudgha
Qazlal
Trog
Uskayaw
Xom

Shops:
D:1 =   D:4 *   D:14 [   Orc:1 !?=   Orc:2 (?(

Annotations:
D:13 2 transporters, Yteof's ghost, journeyman DECj
Swamp:3 2 transporters, Fakli's ghost, journeyman DrWn


Innate Abilities, Weirdness & Mutations

You are too large for most types of armour.
You have tough skin. (AC +1)
Your magical capacity is low. (-10% MP)
You are strong-willed. (Will+)
Your system is resistant to poisons. (rPois)
Your spells are a little harder to cast, but a little more powerful.


Message History

* * * LOW HITPOINT WARNING * * *
You feel weakened. Something barely misses you. Something stings you.
* * * LOW HITPOINT WARNING * * *
You closely miss something. You closely miss something.
You feel you are being watched by something.
You block something's attack. Something hits you!
* * * LOW HITPOINT WARNING * * *
You feel dopey. You block something's attack.
You hit something but do no damage. You block something's attack. x2
Something stings you.
* * * LOW HITPOINT WARNING * * *
You hit something. You hit something but do no damage. Something hits you!
* * * LOW HITPOINT WARNING * * *
You feel dopey. Something hits you!
* * * LOW HITPOINT WARNING * * *
Something stings you!
* * * LOW HITPOINT WARNING * * *
You feel weakened.
You fade into invisibility!
You block something's attack. Something hits you!
* * * LOW HITPOINT WARNING * * *
Something stings you.
* * * LOW HITPOINT WARNING * * *
You feel much better. Something hits you.
* * * LOW HITPOINT WARNING * * *
Something hits you.
* * * LOW HITPOINT WARNING * * *
You feel dopey. Something stings you!
* * * LOW HITPOINT WARNING * * *
You feel weakened. Something barely misses you. Something hits you!
* * * LOW HITPOINT WARNING * * *
Your corrosive artefact corrodes you!
Something stings you!
You die...

#...#†.....[.....#^^.........##
#.. ......#^.........#...s#..^#
#. ..........$..#.###.......^#
#..........^....#............#
#....####..#..#.#......<.....#
#....^ .#.........#...^##..#
#.....## #........?..^......
#....^.# ###..#°☼☼..##.^.s..^
#^#...^## #....{@○....##..#..ss
#^..^...###....°.#○....#^##.^..
#...#....^.°.☼....^### .^.
###<†.....#.......## #.
#....##.##.......#
#...#^..^#....##..#
#..#........^.# ###
...............#
#....^^....^....#


There were no monsters in sight!

Vanquished Creatures
  the Lernaean hydra (Swamp:4)
  Nikola (Swamp:1)
  Arachne (Spider:2)
  A tentacled monstrosity (Swamp:4)
  Mlioglotl (Swamp:3)
  Agnes (D:14)
  A thorn hunter (Swamp:4)
  Donald (Swamp:4)
  Kirke (Swamp:3)
  4 emperor scorpions
  Aizul (Swamp:1)
  Nessos (D:12)
  A minotaur (Gauntlet)
  3 bunyips
  An eleionoma (Swamp:2)
  2 spark wasps
  4 entropy weavers
  Josephine (D:13)
  28 hydras
  2 ghost crabs
  A spriggan air mage (Swamp:3)
  3 catoblepae (Lair:6)
  3 jorogumos
  Erica (D:9)
  3 alligators
  5 boulder beetles
  6 centaur warriors
  2 radroaches (Spider:3)
  A tengu warrior (D:15)
  9 two-headed ogres
  3 orc high priests (Orc:2)
  2 spriggan berserkers (Swamp:3)
  Urug (D:11)
  12 death yaks
  A hell knight (D:15)
  Sonja (D:12)
  4 pharaoh ants
  8 skeletal warriors
  Lodul (D:14)
  Amaemon (Lair:2)
  5 goliath frogs
  2 steelbarb worms
  A bog body (Swamp:3)
  4 spriggan druids
  A deep troll (D:15)
  6 orb spiders
  9 swamp dragons
  4 wizards
  3 deep elf pyromancers
  7 orc knights
  3 orc sorcerers (Orc:2)
  8 cyclopes
  12 wolf spiders
  12 ugly things
  3 will-o-the-wisps
  A worldbinder (Gauntlet)
  5 manticores
  2 moths of wrath (Spider:3)
  20 slime creatures
  6 elephants
  5 black mambas
  14 cane toads
  An orange demon (Lair:2)
  2 torpor snails
  2 kobold demonologists (D:9)
  4 demonic crawlers
  8 komodo dragons
  6 rime drakes
  An efreet (D:15)
  2 tengu conjurers (D:15)
  2 bloated husks
  4 trolls
  5 polar bears
  8 tyrant leeches
  30 tarantellas
  6 hornets
  13 blink frogs
  Sigmund (D:5)
  4 centaur simulacra
  25 jumping spiders
  21 culicivoras
  7 wyverns
  11 spriggans
  A water elemental (D:14)
  7 wraiths
  8 basilisks
  44 yaks
  A hog (Swamp:3)
  12 vampire mosquitoes
  A redback (shapeshifter) (D:11)
  30 redbacks
  19 swamp worms
  A warg (Orc:1)
  An acid dragon (D:13)
  15 water moccasins
  A hell hound (Gauntlet)
  3 black bears
  8 swamp drakes
  2 boggarts (Gauntlet)
  28 orc warriors
  7 centaurs
  8 wolves
  15 ogres
  A phantom (D:5)
  8 kobold brigands
  17 bullfrogs
  2 necrophages
  35 scorpions
  A gnoll sergeant (D:9)
  A cane toad simulacrum (Gauntlet)
  7 wights
  A hornet simulacrum (D:13)
  17 killer bees
  8 electric eels
  6 howler monkeys
  2 jellies
  2 gnoll boudas
  18 orc priests
  6 hounds
  3 iguanas
  26 orc wizards
  Robin (D:4)
  11 adders
  12 gnolls
  8 white imps
  A worm (D:4)
  2 dart slugs
  89 orcs
  3 ball pythons
  6 bats
  5 endoplasms
  4 giant cockroaches
  23 goblins
  3 hobgoblins
  3 quokkas
  2 frilled lizards
  8 kobolds
  7 rats
  2 briar patches (Swamp:4)
  A butterfly (Lair:6)
985 creatures vanquished.

Vanquished Creatures (collateral kills)
  Jorgrun (Orc:2)
  A fenstrider witch (Swamp:4)
  An ettin (D:15)
  2 hydras (Swamp:2)
  An alligator (Swamp:2)
  2 death yaks
  A pharaoh ant (Spider:4)
  A spriggan druid (Swamp:4)
  A steelbarb worm (Spider:4)
  A swamp dragon (Swamp:4)
  A necromancer (D:15)
  A will-o-the-wisp (Swamp:4)
  An elephant (Lair:5)
  A komodo dragon (Lair:5)
  A tengu conjurer (D:15)
  A hornet (Swamp:4)
  2 slime creatures (D:12)
  A jumping spider (Spider:4)
  A spriggan (Swamp:4)
  2 yaks (Lair:6)
  4 vampire mosquitoes
  An ogre (D:14)
  4 wolves (Lair:2)
  A gnoll sergeant (D:12)
  2 gnolls (D:12)
  An orc (D:3)
  An endoplasm (D:3)
  A hobgoblin (D:3)
39 creatures vanquished.

Vanquished Creatures (others)
  Nergalle (D:11)
  A human (Swamp:3)
  An orc priest (Orc:2)
  14 foxfires
  25 fungi
  77 plants
  15 withered plants
134 creatures vanquished.

Grand Total: 1158 creatures vanquished

Notes
Turn   | Place    | Note
-------+----------+-------------------------------------------
     0 | D:1      | RBrandon the Ogre Monk began the quest for the Orb.
     0 | D:1      | Reached XP level 1. HP: 24/24 MP: 1/1
   222 | D:1      | Found Cuuraduh's Jewellery Boutique.
   295 | D:1      | Reached XP level 2. HP: 25/33 MP: 2/2
   627 | D:2      | Reached skill level 5 in Fighting
   647 | D:2      | Reached XP level 3. HP: 29/42 MP: 3/3
   958 | D:2      | Learned a level 1 spell: Summon Small Mammal
  1625 | D:3      | Reached XP level 4. HP: 34/52 MP: 5/5
  1627 | D:3      | Reached skill level 1 in Spellcasting
  1913 | D:3      | Reached skill level 6 in Fighting
  1913 | D:3      | Reached skill level 1 in Summonings
  2092 | D:3      | Reached XP level 5. HP: 27/59 MP: 7/7
  2380 | D:3      | Found a faded altar of an unknown god.
  2384 | D:3      | Found a shadowy altar of Dithmenos.
  2453 | D:3      | Found a stormy altar of Qazlal.
  2464 | D:3      | Became a worshipper of Qazlal Stormbringer
  2464 | D:3      | Reached * piety under Qazlal
  2464 | D:3      | Reached ** piety under Qazlal
  2487 | D:3      | Found a shimmering altar of Xom.
  2743 | D:4      | Reached skill level 1 in Invocations
  3130 | D:4      | Reached XP level 6. HP: 57/67 MP: 8/8
  3206 | D:4      | Found a staircase to the Ecumenical Temple.
  3387 | D:4      | Found Hocot's General Store.
  3393 | D:4      | Bought 2 potions of heal wounds for 100 gold pieces
  3656 | D:4      | Reached skill level 7 in Fighting
  3656 | D:4      | Reached XP level 7. HP: 67/78 MP: 6/10
  3748 | D:4      | Noticed Robin
  3782 | D:4      | Killed Robin
  3783 | D:4      | Reached skill level 5 in Invocations
  3957 | D:5      | Entered Level 5 of the Dungeon
  4152 | D:5      | Noticed Sigmund
  4158 | D:5      | Killed Sigmund
  4159 | D:5      | Reached skill level 8 in Fighting
  4300 | D:5      | Reached XP level 8. HP: 79/89 MP: 12/12
  4545 | D:5      | Reached skill level 9 in Fighting
  4640 | D:5      | Identified the +9 glaive "Spiderbane" {elec, rCorr SInv}
  5586 | D:6      | Reached skill level 10 in Fighting
  5980 | D:6      | Reached XP level 9. HP: 83/102 MP: 15/15
  6384 | D:6      | Gained mutation: You are frail. (-10% HP) [potion of
                  | mutation]
  6384 | D:6      | Gained mutation: You are strong-willed. (Will+) [potion of
                  | mutation]
  6384 | D:6      | Gained mutation: Potions are less effective at restoring
                  | your health. [potion of mutation]
  6385 | D:6      | Lost mutation: Potions are less effective at restoring your
                  | health. [potion of mutation]
  6385 | D:6      | Lost mutation: You are frail. (-10% HP) [potion of
                  | mutation]
  6385 | D:6      | Gained mutation: Your spells are a little harder to cast,
                  | but a little more powerful. [potion of mutation]
  6385 | D:6      | Gained mutation: Your system is resistant to poisons.
                  | (rPois) [potion of mutation]
  6385 | D:6      | Gained mutation: Your magical capacity is low. (-10% MP)
                  | [potion of mutation]
  6448 | D:7      | Reached skill level 11 in Fighting
  6463 | D:7      | Reached *** piety under Qazlal
  6983 | D:6      | Reached skill level 12 in Fighting
  7883 | D:7      | Reached skill level 10 in Invocations
  8276 | D:8      | Reached skill level 13 in Fighting
  8276 | D:8      | Reached XP level 10. HP: 106/119 MP: 6/16
  8662 | D:8      | Noticed a two-headed ogre
  8687 | D:8      | Killed a two-headed ogre
  9061 | D:8      | Reached skill level 5 in Dodging
  9331 | D:8      | Reached **** piety under Qazlal
  9858 | D:8      | Found a staircase to the Lair.
 10206 | Lair:1   | Entered Level 1 of the Lair of Beasts
 10244 | Lair:1   | Reached XP level 11. HP: 127/128 MP: 17/17
 10306 | Lair:1   | Reached skill level 5 in Maces & Flails
 10310 | Lair:1   | Reached skill level 14 in Fighting
 12816 | Lair:2   | Noticed a death yak
 12821 | Lair:2   | Killed a death yak
 13494 | Lair:2   | Reached skill level 15 in Fighting
 13668 | Lair:2   | Noticed a seven-headed hydra
 13673 | Lair:2   | Killed a seven-headed hydra
 13674 | Lair:2   | Reached XP level 12. HP: 116/141 MP: 18/18
 14127 | Lair:2   | Noticed Amaemon
 14145 | Lair:2   | Killed Amaemon
 14146 | Lair:2   | Found a staircase to the Swamp.
 15095 | Lair:3   | Reached skill level 1 in Shields
 16475 | Lair:4   | Reached skill level 10 in Maces & Flails
 17206 | Lair:4   | Identified the +5 ring mail "Rieseetu" {-Tele Str+4 Slay+5}
 17233 | Lair:4   | Found a hole to the Spider Nest.
 17520 | Lair:4   | Reached XP level 13. HP: 150/150 MP: 19/19
 17998 | Lair:5   | Reached skill level 5 in Shields
 19284 | Lair:6   | Entered Level 6 of the Lair of Beasts
 19847 | Lair:6   | Found a staircase to the Slime Pits.
 20272 | Lair:6   | HP: 3/150 [death yak (25)]
 21073 | Lair:6   | Reached XP level 14. HP: 161/161 MP: 20/20
 21081 | Lair:6   | Reached skill level 16 in Fighting
 21081 | Lair:6   | Reached skill level 10 in Shields
 21124 | Lair:6   | Reached skill level 1 in Evocations
 21473 | Lair:6   | Learned a level 5 spell: Irradiate
 21475 | Lair:6   | Learned a level 1 spell: Apportation
 21479 | Lair:6   | Learned a level 3 spell: Confusing Touch
 21483 | Lair:6   | Learned a level 3 spell: Stone Arrow
 21601 | Lair:6   | Reached skill level 1 in Conjurations
 21601 | Lair:6   | Reached skill level 1 in Earth Magic
 22858 | D:9      | Found a staircase to the Orcish Mines.
 23449 | D:9      | Found an ancient bone altar of Kikubaaqudgha.
 23673 | D:9      | Noticed Erica
 23684 | D:9      | Killed Erica
 23896 | D:1      | Bought the ring of the Mage {Wiz Archmagi} for 561 gold
                  | pieces
 23896 | D:1      | Found the ring of the Mage {Wiz Archmagi}
 23904 | D:1      | Learned a level 4 spell: Petrify
 24268 | D:10     | Entered Level 10 of the Dungeon
 25039 | D:10     | Found a hide-covered altar of Uskayaw.
 25043 | D:10     | Found a white marble altar of Elyvilon.
 25047 | D:10     | Found a bloodstained altar of Trog.
 25095 | D:10     | Got the Compilation of the Damaging Volcanoes
 26370 | D:10     | Identified the +8 morningstar of Fortitude {holy, Int+6
                  | Dex-5}
 27062 | D:11     | Reached skill level 5 in Conjurations
 27062 | D:11     | Reached skill level 5 in Earth Magic
 27753 | D:11     | Found the +5 demon whip "Spellbinder" {antimagic, Will+}
 27858 | D:11     | Noticed Urug
 27875 | D:11     | Killed Urug
 28265 | D:11     | Noticed Nergalle
 28276 | D:11     | Killed Nergalle
 28277 | D:11     | Reached skill level 1 in Transmutations
 28612 | D:12     | Found a gate leading to a gauntlet.
 28613 | D:12     | Noticed Nessos
 28636 | D:12     | You fall into a shaft and drop 1 floor!
 28779 | D:13     | Identified the +4 robe "Biheucsu" {Str+4}
 28861 | D:12     | Killed Nessos
 28862 | D:12     | Reached XP level 15. HP: 144/170 MP: 6/20
 28891 | D:12     | Noticed Sonja
 28902 | D:12     | Killed Sonja
 29066 | Gauntlet | Entered a Gauntlet
 29066 | Gauntlet | Found a transporter.
 29066 | Gauntlet | Found a transporter.
 29066 | Gauntlet | Found a transporter.
 29067 | Gauntlet | Found a transporter.
 29069 | Gauntlet | Found a transporter.
 29070 | Gauntlet | Found a large runed translucent door.
 29071 | Gauntlet | Found a large runed translucent door.
 29072 | Gauntlet | Found a large runed translucent door.
 29072 | Gauntlet | Found a large runed translucent door.
 29072 | Gauntlet | Found a transporter.
 29072 | Gauntlet | Found a runed translucent door.
 29073 | Gauntlet | Found a large runed translucent door.
 29074 | Gauntlet | Found a large runed translucent door.
 29075 | Gauntlet | Found a large runed translucent door.
 29075 | Gauntlet | Found a large runed translucent door.
 29076 | Gauntlet | Found a runed translucent gate.
 29076 | Gauntlet | Found a runed translucent gate.
 29078 | Gauntlet | Found a transporter.
 29081 | Gauntlet | Found a transporter.
 29083 | Gauntlet | Found a transporter.
 29085 | Gauntlet | Found a transporter.
 29094 | Gauntlet | Found a transporter.
 29094 | Gauntlet | Found a transporter.
 29125 | Gauntlet | Found a runed translucent gate.
 29126 | Gauntlet | Found a large runed translucent door.
 29126 | Gauntlet | Found a large runed translucent door.
 29127 | Gauntlet | Found a large runed translucent door.
 29128 | Gauntlet | Found a large runed translucent door.
 29129 | Gauntlet | Found a large runed translucent door.
 29129 | Gauntlet | Found a large runed translucent door.
 29129 | Gauntlet | Found a runed translucent door.
 29130 | Gauntlet | Found a large runed translucent door.
 29131 | Gauntlet | Found a large runed translucent door.
 29663 | Gauntlet | Identified the +8 bardiche "Killer Klown's Curse" {vorpal,
                  | rC+ Dex+4}
 29680 | Gauntlet | Identified a scroll of acquirement
 29688 | D:12     | Acquired the +8 kite shield of the Valley of Death {Harm
                  | *Corrode rN+ Dex+6}
 29732 | D:12     | Reached skill level 5 in Transmutations
 30215 | D:13     | Noticed Josephine
 30225 | D:13     | Killed Josephine
 31150 | D:13     | Noticed Yteof's ghost (journeyman DECj)
 31215 | D:13     | Found a transporter.
 31218 | D:13     | Reached skill level 5 in Spellcasting
 31394 | D:13     | Found a gate to the Vaults.
 31492 | D:13     | Found a transporter.
 31894 | D:14     | Reached ***** piety under Qazlal
 32016 | D:14     | Noticed Agnes
 32026 | D:14     | Killed Agnes
 32026 | D:14     | Noticed Lodul
 32037 | D:14     | Killed Lodul
 33111 | D:14     | Found Qisecla's Armour Emporium.
 33402 | D:15     | Entered Level 15 of the Dungeon
 33546 | D:15     | Reached XP level 16. HP: 80/179 MP: 24/24
 34369 | D:15     | Found a staircase to the Depths.
 35188 | Orc:1    | Entered Level 1 of the Orcish Mines
 35380 | Orc:1    | Found Ypsakiecs's Distillery.
 35392 | Orc:1    | Bought a potion of heal wounds for 65 gold pieces
 35392 | Orc:1    | Bought a potion of heal wounds for 65 gold pieces
 35458 | Orc:1    | Found Siqae's Magic Scroll Emporium.
 35464 | Orc:1    | Found Debaqulu's Jewellery Boutique.
 35466 | Orc:1    | Bought a scroll of enchant weapon for 127 gold pieces
 35613 | Orc:2    | Entered Level 2 of the Orcish Mines
 35614 | Orc:2    | Noticed Jorgrun
 35728 | Orc:1    | Learned a level 4 spell: Iskenderun's Mystic Blast
 36049 | Orc:2    | Killed Jorgrun
 36394 | Orc:2    | Found a staircase to the Elven Halls.
 37150 | Orc:2    | Found Durymmic's Magic Scroll Boutique.
 37150 | Orc:2    | Found Dizoq's Weapon Emporium.
 37152 | Orc:2    | Found Ziesyb's Weapon Boutique.
 37152 | Orc:2    | Found Sowunaups's Antique Weapon Emporium.
 37170 | Orc:2    | Bought a scroll of blinking for 127 gold pieces
 37170 | Orc:2    | Bought a scroll of teleportation for 51 gold pieces
 37170 | Orc:2    | Bought a scroll of teleportation for 51 gold pieces
 37170 | Orc:2    | Bought a scroll of teleportation for 51 gold pieces
 37536 | Swamp:1  | Entered Level 1 of the Swamp
 37536 | Swamp:1  | You fall into a shaft and drop 1 floor!
 37541 | Swamp:2  | Reached skill level 1 in Translocations
 38391 | Swamp:1  | Noticed Aizul
 38404 | Swamp:1  | Killed Aizul
 38405 | Swamp:1  | Reached skill level 17 in Fighting
 38500 | Swamp:1  | Noticed Nikola
 38507 | Swamp:1  | Killed Nikola
 39341 | Swamp:3  | Reached skill level 10 in Dodging
 39341 | Swamp:3  | Reached XP level 17. HP: 190/191 MP: 19/25
 39363 | Swamp:3  | Learned a level 5 spell: Freezing Cloud
 39431 | Swamp:3  | Found a transporter.
 39441 | Swamp:3  | Noticed Mlioglotl
 39445 | Swamp:3  | Noticed a tentacled monstrosity
 39446 | Swamp:3  | Killed Mlioglotl
 39509 | Swamp:3  | Noticed Kirke
 39514 | Swamp:3  | Reached skill level 1 in Ice Magic
 39514 | Swamp:3  | Reached skill level 1 in Air Magic
 39515 | Swamp:3  | Killed Kirke
 39796 | Swamp:3  | Found a transporter.
 39799 | Swamp:3  | Noticed Fakli's ghost (journeyman DrWn)
 39914 | Swamp:4  | Entered Level 4 of the Swamp
 39914 | Swamp:4  | Noticed a tentacled monstrosity
 40115 | Swamp:4  | Killed a tentacled monstrosity
 40415 | Swamp:4  | Reached skill level 5 in Air Magic
 40448 | Swamp:4  | Reached skill level 5 in Ice Magic
 40586 | Swamp:4  | Identified the +0 kite shield of Exclusion {rF+ Will++}
 40586 | Swamp:4  | Noticed Donald
 40600 | Swamp:4  | Killed Donald
 40607 | Swamp:4  | Noticed the 27-headed Lernaean hydra
 40611 | Swamp:4  | Killed the 27-headed Lernaean hydra
 40958 | Swamp:4  | Got a decaying rune of Zot
 41496 | Spider:1 | Entered Level 1 of the Spider Nest
 42988 | Spider:2 | Noticed Arachne
 42997 | Spider:2 | Killed Arachne
 43000 | Spider:2 | Reached skill level 10 in Conjurations
 43120 | Spider:2 | Reached XP level 18. HP: 201/201 MP: 16/26
 43322 | Spider:2 | Reached ****** piety under Qazlal
 43554 | Spider:2 | Reached skill level 18 in Fighting
 43732 | Spider:2 | Identified the +2 leather armour of the Desolation of Salt
                  | {Slay+2}
 43840 | Spider:2 | Learned a level 6 spell: Dispersal
 43863 | Spider:2 | Identified the +1 helmet of Tiagu {Str+4}
 44096 | Spider:3 | Reached skill level 5 in Translocations
 44740 | Spider:3 | Paralysed by a jorogumo for 2 turns
 45196 | Spider:4 | Entered Level 4 of the Spider Nest
 45846 | Spider:4 | HP: 10/204 [something (15)]
 45846 | Spider:4 | Slain by a ghost moth

Illustrated notes

Levels and vault maps discovered:
D:1:      shiori_arrival_maze, layout_rooms, serial_shops, shop
D:2:      layout_loops_ring, chequers_serial_rivers_micro_c
D:3:      layout_basic, mainiacjoe_overflow_24_doors,
          nicolae_overflow_ecumenical_swirl, mainiacjoe_overflow_six_doors_small
D:4:      layout_layer_cave, temple_hall, serial_glass, glass_columns_b,
          glass_columns_c, glass_columns_b, glass_columns_a, glass_columns_b,
          glass_columns_a, serial_shops, kennysheep_little_box, uniq_robin
D:5:      layout_basic, minmay_misc_feat_plants, uniq_sigmund
D:6:      layout_gridville, minmay_fractal_squares_gapless_5
D:7:      minmay_angry_zag, layout_basic, enter_bailey_5, minivault_22
D:8:      layout_basic, minmay_lair_entry_grove, special_room [special_room_orc]
D:9:      layout_roguey, kiku_gazebo_garden_becter,
          kennysheep_orc_monster_closet_entryway, kennysheep_potato, uniq_erica
D:10:     layout_basic, grunt_temple_overflow_diamond, serial_curves,
          eino_curves_02, eino_curves_04, eino_curves_03, worms_lemuel
D:11:     nicolae_cairo_tiling_very_big, layout_long_grid, minmay_the_grid_2x2
          [minmay_the_grid_box_x, minmay_the_grid_holed_spiral,
          minmay_the_grid_paths, minmay_the_grid_prize_trominoes], uniq_urug,
          uniq_nergalle
D:12:     layout_rooms, gauntlet_entry_generic, uniq_nessos, uniq_sonja
D:13:     layout_stronghold, david_vaults_1, gammafunk_ghost_stat_death,
          the_hattery, uniq_josephine
D:14:     layout_basic, serial_shops, shop, kennysheep_generic_room_7,
          uniq_agnes, uniq_lodul
D:15:     hangedman_depths_entry_civil_slaughter, layout_rooms, serial_bayou,
          serial_bayou_shore_b, serial_bayou_pond_e, serial_bayou_crossing,
          serial_bayou_pond_b, minmay_between
Lair:1:   layout_concentric_octagons, serial_bayou_shore_b,
          serial_bayou_shore_a, lemuel_fruit_tree
Lair:2:   nzn_winding_woodlands_medium [nzn_winding_woodlands_5x5_default,
          nzn_winding_woodlands_5x15_eye, nzn_winding_woodlands_5x5_open_star,
          nzn_winding_woodlands_hourglass,
          nzn_winding_woodlands_center_diamonds,
          nzn_winding_woodlands_5x5_checkerboard,
          nzn_winding_woodlands_5x5_cross,
          nzn_winding_woodlands_5x15_lazy_stream,
          nzn_winding_woodlands_5x5_default], layout_gridlike, swamp_mist,
          beast_lair_carwin_1, infiniplex_staircase_pool, uniq_amaemon
Lair:3:   layout_hall_layers, wad_woods_road_01, grunt_megastairs_4
Lair:4:   layout_gridlike, spider_nest_entry_a, st_stairs_7,
          serial_bayou_pond_c, bh_autumn_forest_stairs
Lair:5:   layout_roguey, minivault_26, beast_lair_carwin_4, lemuel_fruit_fields,
          serial_bayou_shore_b
Lair:6:   evilmike_catoblepas_cave, layout_regular_city, slime_entry_1,
          serial_bayou_shore_b, infiniplex_staircase_pool_2, lemuel_fruit_fields
Swamp:1:  layout_basic_swamp, evilmike_swamp_ruin_house_3, uniq_aizul,
          uniq_nikola
Swamp:2:  layout_falls_marsh, evilmike_swamp_ruin_rubble_2, swamp_pool1
Swamp:3:  layout_basic_swamp, gammafunk_ghost_mausoleum, serial_swamp_ruin,
          evilmike_swamp_ruin_house_1, evilmike_swamp_ruin_house_5, uniq_kirke,
          uniq_mlioglotl
Swamp:4:  swamp_old_school, layout_basic_swamp, swamp_pool1, lightli_tree_ring,
          uniq_donald
Spider:1: layout_chambers, nicolae_spider_checkerboard
Spider:2: spiders_nest_a, nicolae_spider_cling_halls, uniq_arachne
Spider:3: layout_spider_delve
Spider:4: guppyfry_spider_rune, uniq_louise
Orc:1:    layout_caves, serial_shops, shop, shop, nicolae_shop_statue_plus,
          basic_altar
Orc:2:    grunt_orc_tribal_feast, layout_caves, uniq_jorgrun

Skill      XL: |  1  2  3  4  5  6  7  8  9 10 11 12 13 14 15 16 17 18 |
---------------+-------------------------------------------------------+-----
Fighting       | 5 6 7 8 10 13 15 16 17 18 | 18.1
Spellcasting   | 1 4 7 |  7.6
Summonings     | 1 |  1.4
Invocations    | 3 4 6 8 10 11 | 11.0
Dodging        | 6 7 10 | 10.8
Maces & Flails | 4 8 10 12 | 12.0
Shields        | 4 9 10 | 10.1
Evocations     | 2 |  2.8
Conjurations   | 5 7 8 10 | 10.1
Earth Magic    | 5 |  5.5
Transmutations | 2 8 9 |  9.0
Translocations | 4 8 |  8.8
Ice Magic      | 6 |  6.3
Air Magic      | 6 |  6.3
Stealth        | |  1.4

Action                   |  1- 3 |  4- 6 |  7- 9 | 10-12 | 13-15 | 16-18 || total
-------------------------+-------+-------+-------+-------+-------+-------++-------
Melee: Mace              |   114 |   110 |       |       |       |       ||   224
       Punch             |     1 |     1 |     2 |       |       |       ||     4
       Short sword       |       |       |   213 |    27 |       |       ||   240
       Glaive            |       |       |    51 |    43 |       |       ||    94
       Giant club        |       |       |     5 |   205 |       |       ||   210
       Demon whip        |       |       |       |   206 |  1037 |   766 ||  2009
Throw: Large rock        |       |     8 |    11 |     3 |       |       ||    22
       Dart              |       |    11 |    17 |    36 |     5 |       ||    69
 Cast: Summon Small Mamm |     7 |    15 |       |       |       |       ||    22
       Stone Arrow       |       |       |       |       |    96 |   101 ||   197
       Petrify           |       |       |       |       |     7 |     4 ||    11
       Irradiate         |       |       |       |       |     6 |    49 ||    55
       Freezing Cloud    |       |       |       |       |       |    12 ||    12
       Dispersal         |       |       |       |       |       |     1 ||     1
Invok: Upheaval          |       |     2 |     3 |    11 |    12 |     7 ||    35
       Elemental Force   |       |       |       |     2 |     4 |     6 ||    12
       Disaster Area     |       |       |       |       |       |     2 ||     2
Evoke: Phantom mirror    |       |       |       |     1 |     3 |     1 ||     5
       Wand              |       |       |       |       |     8 |       ||     8
       Lightning rod     |       |       |       |       |     4 |     8 ||    12
  Use: Scroll            |       |       |    13 |     2 |    19 |     6 ||    40
       Potion            |       |       |     7 |     2 |     3 |     6 ||    18
 Stab: Sleeping          |     5 |       |       |       |       |       ||     5
       Paralysed         |       |       |       |     1 |     4 |     2 ||     7
       Petrified         |       |       |       |       |     8 |     2 ||    10
       Distracted        |       |       |       |       |     2 |       ||     2
       Invisible         |       |       |       |       |     3 |       ||     3
Armor: Robe              |    37 |    33 |    54 |    57 |    38 |    56 ||   275
Dodge: Dodged            |    76 |    63 |   161 |   214 |   140 |   183 ||   837
       Repelled          |       |       |       |     1 |     3 |     9 ||    13
Block: Other             |       |     7 |    43 |   139 |       |       ||   189
       Reflection        |       |       |       |     3 |    44 |    38 ||    85
       Kite shield       |       |       |       |   175 |   661 |   894 ||  1730

Table legend: (Time is in decaauts)
 A = Elapsed time spent in this place.
 B = Non-inter-level travel time spent in this place.
 C = Inter-level travel time spent in this place.
 D = Time resting spent in this place.
 E = Time spent auto-exploring this place.
 F = Levels seen in this place.
 G = Mean time per level.
                   A        B        C        D        E       F      G
               +--------+--------+--------+--------+--------+-----+--------+
         Total |  45563 |  43367 |   2196 |  12806 |  23281 |  32 | 1423.8 |
       Dungeon |  22079 |  20830 |   1249 |   4899 |  12213 |  15 | 1471.9 |
          Lair |  12540 |  11962 |    578 |   5081 |   5287 |   6 | 2090.0 |
         Swamp |   3969 |   3787 |    182 |    934 |   2138 |   4 |  992.2 |
   Spider Nest |   4207 |   4076 |    131 |   1092 |   2356 |   4 | 1051.8 |
  Orcish Mines |   2164 |   2108 |     56 |    448 |   1285 |   2 | 1082.0 |
      Gauntlet |    602 |    602 |      0 |    352 |      1 |   1 |  602.0 |
               +--------+--------+--------+--------+--------+-----+--------+

Top non-repeatable levels by time:
  Lair:6: 2897 daAuts
  Lair:2: 2505 daAuts
     D:8: 2453 daAuts
  Lair:1: 2289 daAuts
     D:6: 2127 daAuts
     D:7: 1829 daAuts
  Lair:3: 1753 daAuts
    D:13: 1749 daAuts
    D:10: 1700 daAuts
  Lair:5: 1692 daAuts
    D:11: 1650 daAuts
Spider:3: 1590 daAuts
    D:15: 1577 daAuts
Spider:1: 1577 daAuts
    D:14: 1521 daAuts

Table legend:
 A = Kills in this place as a percentage of kills in entire the game.
 B = Kills by you in this place as a percentage of kills by you in the entire game.
 C = Kills by friends in this place as a percentage of kills by friends in the entire game.
 D = Other kills in this place as a percentage of other kills in the entire game.
 E = Experience gained in this place as a percentage of experience gained in the entire game.
 F = Experience gained in this place divided by the number of levels of this place that you have seen.
                   A       B       C       D       E      F
               +-------+-------+-------+-------+-------+----------------------
         Total | 100.0 | 100.0 | 100.0 | 100.0 | 100.0 | 9279.3
       Dungeon |  41.5 |  41.8 |  33.3 |  50.0 |  27.7 | 5490.6
          Lair |  16.6 |  16.3 |  25.6 |   0.0 |  19.2 | 9492.8
         Swamp |  12.5 |  11.8 |  30.8 |   0.0 |  25.7 | 19052.5
   Spider Nest |  18.3 |  18.7 |   7.7 |  50.0 |  22.0 | 16335.2
  Orcish Mines |  10.2 |  10.5 |   2.6 |   0.0 |   4.5 | 6668.5
      Gauntlet |   0.9 |   0.9 |   0.0 |   0.0 |   0.9 | 2734.0
               +-------+-------+-------+-------+-------+----------------------
